 Dungeon Crawl Stone Soup version 0.18.1-8-gdd0e5ea (webtiles) character file.

240 Implojin the Insei (level 5, -6/43 HPs)
             Began as a Mummy Monk on May 22, 2016.
             Killed from afar by an orc wizard (13 damage)
             ... with a puff of flame
             ... on level 3 of the Dungeon.
             The game lasted 00:13:22 (7439 turns).

Implojin the Insei (Mummy Monk)                     Turns: 7439, Time: 00:13:22

Health: -6/43      AC:  2    Str: 14    XL:     5   Next: 79%
Magic:  5/5        EV: 13    Int:  9    God:
Gold:   208        SH:  0    Dex: 16    Spells: 0 memorised, 4 levels left

rFire  x . .     SeeInvis .       - Unarmed
rCold  + . .     Gourm    .     (no armour)
rNeg   + + +     Faith    .     (no shield)
rPois  ∞         Spirit   .     h - +0 helmet
rElec  .         Dismiss  .     l - +0 cloak
rCorr  .         Reflect  .     (no gloves)
SustAt .         Harm     .     (no boots)
MR     .....                    (no amulet)
Stlth  ++........               (no ring)
                                (no ring)

@: not resistant to hostile enchantments, unstealthy
A: no food or potions, fire vulnerability, cold resistance 1, negative energy
resistance 3, torment resistance, unbreathing
a: no special abilities


You were on level 3 of the Dungeon.
You were not hungry.

You visited 1 branch of the dungeon, and saw 4 of its levels.

You collected 208 gold pieces.

Inventory:

Armour
 h - a +0 helmet (worn)
 l - a +0 cloak (worn)
Jewellery
 c - an uncursed amulet of faith {unknown}
Scrolls
 a - 2 scrolls of recharging
 d - 2 scrolls of immolation
 g - a scroll of random uselessness {unknown}
 j - a scroll of enchant armour {unknown}
 k - a scroll of teleportation {unknown}
Books
 i - a book of the Warp

   Spells                             Type                      Level
   a - Recall                         Summoning/Translocation      3
   b - Gell's Gravitas                Hexes/Translocation          3
   c - Force Lance                    Conjuration/Translocation    4
   d - Warp Weapon                    Charms/Translocation         5
   e - Summon Forest                  Summoning/Translocation      5


   Skills:
 * Level 4.8 Fighting
 - Level 2.4 Dodging
 - Level 1.5 Stealth
 - Level 5.0 Unarmed Combat


You had 4 spell levels left.
You didn't know any spells.

Dungeon Overview and Level Annotations

Branches:
Dungeon (4/15)
 Temple: D:4-7

Altars:
Dithmenos
Pakellas
Yredelemnul

Annotations:
D:1 Crazy Yiuf
D:4 6 exclusions, Dowan


Innate Abilities, Weirdness & Mutations

You do not eat or drink.
Your flesh is vulnerable to fire.
You are immune to poison.
Your flesh is cold resistant.
You are immune to negative energy.
You are immune to unholy pain and torment.
You can survive without breathing.


Message History

Found 8 gold pieces.
An orc priest and an orc wizard come into view.
Unknown command.
The orc priest calls down the wrath of Beogh upon you.
Beogh smites you!
The orc wizard casts a spell.
The orc wizard flickers and vanishes!
The orc priest mumbles some strange prayers to Beogh against you.
Beogh smites you!
* * * LOW HITPOINT WARNING * * *
The orc priest casts a cantrip, but nothing happens.
The orc priest looks braver for a moment.
The orc closely misses you.
The orc priest miscasts a cantrip.
The orc wizard shouts!
There is a stone staircase leading up here.
The orc wizard hits you with a dagger.
* * * LOW HITPOINT WARNING * * *
You climb upwards.
There is a stone staircase leading down here.
Unknown command.
You hit the orc wizard.
The orc wizard is heavily wounded.
The orc wizard hits you with a dagger.
* * * LOW HITPOINT WARNING * * *
You closely miss the orc wizard.
The orc wizard is heavily wounded.
The orc wizard hits you but does no damage.
You hit the orc wizard.
The orc wizard is heavily wounded.
The orc wizard hits you with a dagger.
* * * LOW HITPOINT WARNING * * *
Read which item? (? for menu, Esc to quit)
Okay, then.
You hit the orc wizard but do no damage.
The orc wizard is heavily wounded.
The orc wizard points at you and mumbles some strange words.
The puff of flame hits you! The fire burns you terribly!
You die...

...............................##
.................................
..#..#...............#.#.........
..#..#..........................#
.##..#......#.....####.#.#.......
..............................#.#
..................####.#.#.#.....
###..#...........................
#.........#...@.###..#.#.#..#.#
###.........##...o###..#.#.#..#.#
...........................#..#.#
###.##..#.#.###....############.#
#.##..#.#[# #.#..# #...%...#...
#.##..#(#.###.#..# #.......##.#
###.............#..###...≈...##.#
[...........###....#.'..≈≈≈..'...
###!##..#.#####.#..#.#...≈...#..[


You could see an orc wizard.

Vanquished Creatures
  2 hounds (D:4)
  A giant frog skeleton (D:4)
  7 adders
  2 dart slugs
  4 giant geckos
  7 orcs
  4 giant cockroaches
  5 goblins
  5 hobgoblins
  6 jackals
  2 quokkas
  3 ball pythons
  7 bats
  9 giant newts
  9 kobolds
  11 rats
84 creatures vanquished.

Notes
Turn   | Place    | Note
--------------------------------------------------------------
     0 | D:1      | Implojin the Mummy Monk began the quest for the Orb.
     0 | D:1      | Reached XP level 1. HP: 18/18 MP: 1/1
   547 | D:1      | Reached XP level 2. HP: 20/24 MP: 2/2
  1172 | D:1      | Reached skill level 4 in Unarmed Combat
  1780 | D:1      | Reached XP level 3. HP: 29/29 MP: 3/3
  2708 | D:2      | Reached XP level 4. HP: 22/35 MP: 4/4
  2910 | D:2      | Noticed Crazy Yiuf
  3526 | D:2      | Found an oddly glowing altar of Pakellas.
  4504 | D:2      | Reached skill level 5 in Unarmed Combat
  5361 | D:3      | Found a basalt altar of Yredelemnul.
  5814 | D:3      | Reached XP level 5. HP: 36/41 MP: 5/5
  6499 | D:4      | Reached skill level 4 in Fighting
  6650 | D:4      | Found a shadowy altar of Dithmenos.
  6659 | D:4      | Noticed Dowan
  7439 | D:3      | Killed from afar by an orc wizard

Skill      XL: |  1  2  3  4  5 |
---------------+----------------+-----
Unarmed Combat | 4 5 |  5.0
Fighting       | 4 |  4.8
Dodging        | |  2.4
Stealth        | |  1.5

Action                   |  1- 3 |  4- 6 || total
-------------------------+-------+-------++-------
Melee: Unarmed           |   158 |   269 ||   427
       Punch             |     2 |     5 ||     7
  Use: Scroll            |       |     6 ||     6
 Stab: Sleeping          |     5 |     8 ||    13
Armor: Skin              |       |     7 ||     7
Dodge: Dodged            |   127 |   164 ||   291

Table legend:
 A = Turns spent in this place as a percentage of turns spent in the entire game.
 B = Non-inter-level travel turns spent in this place as a percentage of non-inter-level travel turns spent in the entire game.
 C = Inter-level travel turns spent in this place as a percentage of turns spent in this place.
 D = Turns resting spent in this place as a percentage of non-inter-level travel turns spent in this place.
 E = Turns spent auto-exploring this place as a percentage of non-inter-level travel turns spent in this place.
 F = Non-inter-level travel turns spent in this place divided by the number of levels of this place that you've seen.
                   A       B       C       D       E      F
               +-------+-------+-------+-------+-------+----------------------
         Total | 100.0 | 100.0 |   0.3 |   3.1 |   3.9 | 576.8
       Dungeon | 100.0 | 100.0 |   0.3 |   3.1 |   3.9 | 576.8
               +-------+-------+-------+-------+-------+----------------------

Table legend:
 A = Kills in this place as a percentage of kills in entire the game.
 B = Kills by you in this place as a percentage of kills by you in the entire game.
 C = Kills by friends in this place as a percentage of kills by friends in the entire game.
 D = Other kills in this place as a percentage of other kills in the entire game.
 E = Experience gained in this place as a percentage of experience gained in the entire game.
 F = Experience gained in this place divided by the number of levels of this place that you have seen.
                   A       B       C       D       E      F
               +-------+-------+-------+-------+-------+----------------------
         Total | 100.0 | 100.0 |  -nan |  -nan | 100.0 |  85.8
       Dungeon | 100.0 | 100.0 |  -nan |  -nan | 100.0 |  85.8
               +-------+-------+-------+-------+-------+----------------------
